Map: Línea Aguablanca EE

Players

mcos

  • Race: Protoss Protoss
  • Spawn Location: 6:00

iDunWanaDiee

  • Race: Terran Terran
  • League: Platinum
  • Spawn Location: 7:00

HiddenSquid

  • Race: Terran Terran
  • League: Silver
  • Spawn Location: 7:00

TATORREA

  • Race: Protoss Protoss
  • League: Gold
  • Spawn Location: 1:00

MrFercho

  • Race: Zerg Zerg
  • League: Gold
  • Spawn Location: 1:00

tigro

  • Race: Terran Terran
  • League: Bronze
  • Spawn Location: 12:00

VOD

Have the link to the VOD?

Description

Time

  • Played on: Aug. 4, 2020, 8:26 p.m.
  • Length: 7:17
Show
View Real Time Build Order
Export as new Build Order

mcos Protoss 

Build Orders:  

Get SALT Encoding   

  12  0:00  Probe (Chrono Boost)  
  13  0:12  Probe (Chrono Boost)  
  14  0:20  Pylon  
  14  0:28  Probe  
  15  0:39  Forge  
  15  0:41  Probe  
  16  0:52  Pylon  
  16  1:44  Photon Cannon  
  16  1:49  Photon Cannon  
  15  2:02  Photon Cannon  
  15  2:05  Pylon  
  15  2:16  Photon Cannon  
  15  2:25  Probe  
  15  2:28  Gateway  
  16  2:35  Assimilator  
  16  2:37  Probe  
  16  2:39  Assimilator  
  17  2:49  Probe  
  18  3:01  Probe  
  19  3:17  Cybernetics Core  
  21  3:45  Pylon  
  21  3:50  Zealot  
  21  4:05  Shield Battery  
  21  4:14  Gateway, Warp Gate (Chrono Boost)  
  21  4:16  Gateway  
  21  4:26  Pylon  
  21  4:36  Shield Battery  
  21  4:50  Probe  
  22  5:07  Gateway  
  22  5:10  Gateway  
  22  5:21  Probe  
  22  5:28  Nexus  
  23  5:33  Probe  
  24  5:37  Pylon  
  24  6:02  Probe  
  25  6:06  Stalker x3  
  31  6:38  Pylon  
  31  6:49  Stalker  
  31  6:50  Stalker x2  
  37  7:04  Photon Cannon  
  37  7:05  Photon Cannon  
Show
View Real Time Build Order
Export as new Build Order

iDunWanaDiee Terran 

Build Orders:  

Get SALT Encoding   

  12  0:00  SCV  
  13  0:14  Supply Depot  
  13  0:18  SCV  
  14  0:30  SCV  
  15  0:40  Supply Depot  
  15  0:43  SCV  
  16  0:55  SCV  
  17  1:03  Barracks  
  17  1:07  Barracks  
  17  1:15  Refinery  
  17  1:19  Refinery  
  17  1:50  Barracks  
  17  1:51  Barracks  
  17  1:57  Reaper  
  18  2:04  SCV  
  19  2:26  SCV  
  20  2:31  Reaper  
  21  2:38  Reaper  
  21  2:39  Reaper  
  21  2:43  SCV  
  24  2:49  Factory  
  24  3:03  Reaper  
  25  3:05  Supply Depot  
  25  3:11  Reaper  
  26  3:43  Reaper  
  26  3:48  Reaper  
  28  3:50  Factory Tech Lab  
  28  3:59  Reaper  
  29  4:09  Siege Tank  
  32  4:15  Reaper  
  30  4:27  Reaper  
  29  4:46  Siege Tank  
  27  5:07  Marine  
  27  5:08  Marine x2  
  29  5:21  Orbital Command  
  29  5:25  Marine  
  29  5:26  Marine  
  29  5:27  Starport  
  31  5:30  Starport  
  29  5:43  Marine  
  29  5:44  Marine x2  
  31  6:01  Marine  
  31  6:02  Marine  
  32  6:15  Marine  
  30  6:19  Marine  
  30  6:24  Starport Tech Lab x2  
  30  6:25  SCV  
  32  6:29  Supply Depot  
  32  6:31  Marine  
  32  6:32  Supply Depot  
  33  6:37  SCV  
  34  6:47  Marine x2  
  34  6:58  Marine  
Show
View Real Time Build Order
Export as new Build Order

HiddenSquid Terran 

Build Orders:  

Get SALT Encoding   

  12  0:00  SCV  
  13  0:12  SCV  
  14  0:22  Supply Depot  
  14  0:29  SCV  
  15  0:46  Barracks  
  15  0:51  SCV  
  16  1:03  SCV  
  17  1:15  SCV  
  18  1:19  Barracks  
  18  1:21  Barracks  
  18  1:27  SCV  
  18  1:31  Refinery  
  19  1:39  SCV  
  20  1:52  SCV  
  21  1:58  Marine  
  22  2:04  SCV  
  23  2:12  Refinery  
  23  2:21  Supply Depot  
  23  2:23  Barracks  
  23  2:26  Orbital Command  
  23  2:42  Marine x3  
  26  2:45  Factory  
  26  2:57  Supply Depot, SCV  
  27  3:00  Marine x2  
  29  3:07  Marine, Engineering Bay  
  29  3:10  SCV  
  31  3:18  Marine  
  32  3:22  Marine  
  32  3:25  Marine  
  34  3:28  Supply Depot  
  34  3:48  Marine  
  34  3:55  Factory Tech Lab  
  34  4:12  Marine x2  
  34  4:16  Starport  
  36  4:19  Factory, Siege Tank  
  36  4:23  Marine  
  32  4:30  Marine x2  
  34  4:45  Barracks  
  34  4:48  Marine  
  35  4:54  Starport  
  35  5:01  Starport Reactor  
  35  5:23  Marine x3  
  35  5:38  Siege Tank  
  35  5:40  Factory Tech Lab  
  35  5:41  Marine x2  
  32  5:53  Marine  
  33  5:58  Marine  
  33  5:59  Marine  
  33  6:06  Medivac  
  35  6:11  Marine  
  35  6:12  Command Center  
  35  6:16  Marine x2  
  37  6:29  Marine  
  37  6:30  Medivac  
  40  6:34  Marine x2  
  42  6:40  Marine  
  43  6:47  Marine  
  43  6:52  Marine x2  
  46  6:58  Marine  
Show
View Real Time Build Order
Export as new Build Order

TATORREA Protoss 

Build Orders:  

Get SALT Encoding   

  13  0:09  Probe  
  13  0:22  Probe  
  14  0:34  Pylon, Probe  
  15  0:53  Probe  
  16  1:00  Gateway  
  16  1:02  Gateway  
  16  1:05  Probe  
  17  1:20  Probe  
  17  1:24  Assimilator  
  18  1:27  Pylon  
  18  1:32  Probe  
  19  1:52  Zealot x2 (Chrono Boost)  
  23  1:56  Probe  
  24  2:08  Probe  
  22  2:31  Cybernetics Core  
  21  2:39  Probe  
  22  2:48  Gateway  
  22  3:08  Assimilator  
  22  3:10  Probe (Chrono Boost)  
  23  3:13  Gateway  
  24  3:21  Probe (Chrono Boost)  
  24  3:25  Warp Gate  
  24  3:26  Probe (Chrono Boost)  
  27  3:35  Stalker x2 (Chrono Boost)  
  25  4:15  Stalker  
  23  5:14  Stalker x2  
  23  5:15  Stalker  
  25  5:42  Stalker x3  
  27  6:09  Stalker x2  
  25  6:13  Probe  
  26  6:19  Pylon  
  26  6:31  Nexus  
  26  6:32  Pylon  
  26  6:34  Pylon  
  26  6:38  Stalker  
  26  6:39  Stalker  
  21  7:02  Stalker  
  21  7:03  Stalker  
Show
View Real Time Build Order
Export as new Build Order

MrFercho Zerg 

Build Orders: Hatch First 

Get SALT Encoding   

  12  0:01  Drone  
  13  0:14  Overlord  
  13  0:19  Drone  
  14  0:33  Drone x2  
  16  0:57  Drone  
  16  0:58  Drone  
  16  0:59  Hatchery  
  16  1:01  Drone  
  18  1:18  Spawning Pool  
  17  1:20  Extractor  
  16  1:31  Drone  
  17  1:35  Drone  
  18  1:45  Drone  
  19  2:00  Drone  
  20  2:05  Overlord  
  20  2:11  Queen x2  
  20  2:12  Zergling x2  
  25  2:23  Drone x2  
  25  2:24  Drone  
  28  2:33  Drone  
  29  2:39  Drone  
  30  2:48  Drone x2  
  30  2:50  Roach Warren  
  30  2:51  Queen  
  33  2:56  Lair  
  33  2:59  Drone  
  33  3:01  Drone  
  35  3:09  Drone  
  35  3:10  Overlord  
  36  3:20  Evolution Chamber  
  35  3:31  Roach  
  35  3:32  Roach x4  
  44  3:39  Overlord x2  
  44  4:09  Ravager x2  
  46  4:14  Drone x9  
  53  4:35  Ravager  
  54  4:45  Extractor  
  53  4:47  Extractor  
  52  4:54  Drone x3  
  52  4:55  Drone x3  
  50  5:43  Roach x5  
  58  5:57  Zergling x2  
  58  5:58  Zergling x4  
  59  6:05  Ravager  
  60  6:15  Queen  
  58  6:19  Ravager  
  47  6:25  Roach  
  47  6:26  Overlord, Roach x3  
  47  6:27  Overlord  
  48  6:50  Roach x4  
Show
View Real Time Build Order
Export as new Build Order

tigro Terran 

Build Orders:  

Get SALT Encoding   

  12  0:17  SCV  
  12  0:21  Supply Depot  
  13  0:29  SCV  
  14  0:41  SCV  
  15  0:43  Supply Depot  
  15  0:50  Barracks  
  15  0:53  SCV  
  16  1:00  Refinery  
  16  1:05  SCV  
  17  1:28  SCV  
  18  1:40  SCV  
  18  1:44  Marine  
  20  1:51  Refinery  
  20  1:52  SCV  
  21  2:02  Marine  
  21  2:04  SCV  
  23  2:16  SCV  
  23  2:20  Marine  
  24  2:30  Factory  
  24  2:38  Marine  
  25  2:55  Marine  
  25  2:58  SCV  
  27  3:10  SCV  
  28  3:14  Factory Tech Lab  
  28  3:16  Engineering Bay  
  28  3:17  Barracks Tech Lab  
  25  3:45  Siege Tank  
  25  3:47  Marine  
  25  4:23  Marine  
  22  4:41  Supply Depot, Marine  
  23  5:02  Marine, Siege Tank  
  23  5:03  Supply Depot  
  27  5:07  Orbital Command  
  27  5:20  Marine  
  28  5:34  Siege Tank  
  31  5:38  Marine  
  32  5:45  Starport  
  32  5:55  Marine  
  31  6:06  Siege Tank  
  34  6:13  Marine  
  30  6:31  Marine  
  26  6:39  Siege Tank  
  29  6:47  Command Center  
  29  6:49  Marine  
Tags
 
Add a new tag
Caveats
  • Supply blocks, unpowered buildings, or Contaminate may cause inaccurate times.
  • Supply counts are checked every 10 seconds.